 Dungeon Crawl Stone Soup version 0.24.0-1-gfbc8707 (webtiles) character file.

Game seed: 14957715432729120339, levelgen mode: deterministic

451 ricardofg the Gusty (level 6, -6/50 HPs)
             Began as a Draconian Air Elementalist on Nov 7, 2019.
             Was an Initiate of Vehumet.
             Shot with an arrow by a centaur (15 damage)
             ... on level 5 of the Dungeon.
             The game lasted 00:20:13 (5576 turns).

ricardofg the Gusty (Draconian Air Elementalist)    Turns: 5576, Time: 00:20:15

Health: -6/50      AC:  6    Str: 10    XL:     6   Next: 75%
Magic:  5/11       EV:  9    Int: 18    God:    Vehumet [......]
Gold:   210        SH:  0    Dex: 11    Spells: 2/12 levels left

rFire    . . .     SeeInvis .   m - +0 mace (holy)
rCold    . . .     Gourm    +   (no shield)
rNeg     . . .     Faith    .   (armour unavailable)
rPois    .         Spirit   .   y - +0 hat
rElec    .         Reflect  .   (no cloak)
rCorr    .         Harm     .   (no gloves)
MR       .....                  (no boots)
Stlth    ++........             l - amulet of the gourmand
HPRegen  0.16/turn              i - ring of wizardry
MPRegen  0.12/turn              o - -3 ring of evasion (curse)

@: no status effects
A: unfitting armour, cold-blooded, AC +6
a: Renounce Religion


You were on level 5 of the Dungeon.
You worshipped Vehumet.
Vehumet was noncommittal.
You were full.

You visited 2 branches of the dungeon, and saw 6 of its levels.

You collected 210 gold pieces.

Inventory:

Hand Weapons
 h - a +0 whip
 m - a +0 mace of holy wrath (weapon)
Missiles
 f - 16 poisoned darts (quivered)
Armour
 s - a +0 buckler
 y - a +0 hat (worn)
Jewellery
 i - a ring of wizardry (left hand)
 k - an uncursed ring of resist corrosion
 l - an amulet of the gourmand (around neck)
 o - a cursed -3 ring of evasion (right hand)
 p - an uncursed amulet of magic regeneration {unknown}
Wands
 w - a wand of random effects (20)
Scrolls
 c - 2 scrolls of fear {unknown}
 d - 4 scrolls of remove curse {unknown}
 e - a scroll of blinking {unknown}
 n - a scroll of magic mapping {unknown}
 r - 3 scrolls of identify {unknown}
 v - a scroll of noise {unknown}
Potions
 a - 4 potions of heal wounds {unknown}
 g - 2 potions of flight {unknown}
 j - 2 potions of berserk rage {unknown}
 q - a potion of brilliance {unknown}
 t - a potion of resistance {unknown}
 u - 2 potions of curing {unknown}
 x - a potion of might {unknown}
Comestibles
 b - 10 rations


   Skills:
 + Level 2.5 Fighting
 - Level 1.7 Dodging
 - Level 1.7 Stealth
 + Level 1.5 Shields
 + Level 3.7 Spellcasting
 + Level 3.5 Conjurations
 * Level 0.3 Fire Magic
 * Level 4.7 Air Magic


You had 2 spell levels left.
You knew the following spells:

 Your Spells              Type           Power        Failure   Level  Hunger
a - Shock                 Conj/Air       ###.         1%          1    None
b - Swiftness             Chrm/Air       ##......     3%          2    ##.....
c - Airstrike             Air            ###.......   9%          4    ####...
d - Conjure Flame         Conj/Fire      ##......     9%          3    ###....

Your spell library contained the following spells:

 Spells                   Type           Power        Failure   Level  Hunger
 Magic Dart               Conj           ###.         1%          1    None
 Blink                    Tloc           N/A          9%          2    ##.....
 Call Imp                 Summ           #.......     9%          2    ##.....
 Slow                     Hex            #.......     9%          2    ##.....
 Static Discharge         Conj/Air       ###.....     3%          3    ###....
 Mephitic Cloud           Conj/Pois/Air  ##......     6%          3    ###....
 Lightning Bolt           Conj/Air       ###.......   30%         5    ######.


Dungeon Overview and Level Annotations

Branches:
Dungeon (5/15)             Temple (1/1) D:4

Altars:
Dithmenos
Elyvilon
Fedhas
Gozag
Hepliaklqana
Kikubaaqudgha
Makhleb
Nemelex Xobeh
Okawaru
Qazlal
Ru
Sif Muna
Trog
Vehumet
Wu Jian
Xom
Yredelemnul
Zin
The Shining One


Innate Abilities, Weirdness & Mutations

Your plain brown scales are hard. (AC +6)
You cannot fit into any form of body armour.
You are cold-blooded and may be slowed by cold attacks.


Message History

Confirm with . or Enter, or press ? or * to list all spells.
Aiming: Shock (safe; 1% risk of failure)
Press: ? - help, Shift-Dir - straight line, f/p - centaur
Aim: a centaur, wielding a +0 shortbow (almost dead)
The zap hits the centaur.
The centaur is almost dead.
A howler monkey skeleton comes into view.
The centaur shoots an arrow.
The arrow closely misses you.
Casting: Shock (safe; 1% risk of failure)
Confirm with . or Enter, or press ? or * to list all spells.
Aiming: Shock (safe; 1% risk of failure)
Press: ? - help, Shift-Dir - straight line, f/p - centaur
Aim: a centaur, wielding a +0 shortbow (almost dead)
The zap hits the centaur but does no damage.
The centaur is almost dead.
The centaur shoots an arrow.
The arrow hits you!
* * * LOW HITPOINT WARNING * * *
The jackal bites you but does no damage.
The centaur shoots an arrow.
The arrow hits you!
You die...

...#..#
##....##.....
...#.## ###.........
#.....# #.....###.
......# ##....##
......#######....#
##
.###........#...##
... .
##...##..#...####
.... .
#......).#.#..#Z..#
.
.....###.#.@h(h...#.
. .....#
#####(....... .
#..........
........c.......
....#......P.... ...
###....♣...# .
##..♣♣..## .... ..#
..... ..


You could see a centaur, 2 jackals and a howler monkey skeleton.

Vanquished Creatures
  A black bear (D:3)
  A phantom (D:4)
  A bullfrog zombie (D:5)
  An orc priest (D:4)
  A worker ant (D:4)
  4 gnolls (D:3)
  6 adders
  An adder skeleton (D:4)
  4 worms
  11 orcs
  8 bats
  4 giant cockroaches
  5 goblins
  7 hobgoblins
  2 jackals (D:2)
  5 kobolds
  A quokka (D:3)
  A ball python (D:3)
  2 frilled lizards
  A jackal skeleton (D:4)
  11 rats
78 creatures vanquished.

Notes
Turn   | Place    | Note
-------+----------+-------------------------------------------
     0 | D:1      | ricardofg the Draconian Air Elementalist began the quest
                  | for the Orb.
     0 | D:1      | Reached XP level 1. HP: 14/14 MP: 3/3
   620 | D:1      | Reached XP level 2. HP: 22/22 MP: 5/5
  1528 | D:2      | Found a sparkling altar of Nemelex Xobeh.
  1544 | D:2      | Reached skill level 1 in Fighting
  1544 | D:2      | Reached XP level 3. HP: 28/28 MP: 2/6
  2171 | D:2      | Learned a level 2 spell: Swiftness
  2541 | D:2      | Reached XP level 4. HP: 35/35 MP: 2/8
  3349 | D:3      | Found an ornate altar of the Wu Jian Council.
  3451 | D:3      | Noticed a black bear
  3465 | D:3      | Found a sacrificial altar of Ru.
  3627 | D:3      | Found a stormy altar of Qazlal.
  3784 | D:3      | Learned a level 4 spell: Airstrike
  3860 | D:3      | Reached XP level 5. HP: 41/41 MP: 6/9
  3964 | D:3      | Reached skill level 4 in Air Magic
  4322 | D:3      | Killed a black bear
  4322 | D:3      | Reached XP level 6. HP: 38/48 MP: 3/11
  4422 | D:4      | Found a shadowy altar of Dithmenos.
  4426 | D:4      | Found a staircase to the Ecumenical Temple.
  4439 | D:4      | Reached skill level 1 in Shields
  4447 | Temple   | Entered the Ecumenical Temple
  4681 | Temple   | Became a worshipper of Vehumet
  5064 | D:4      | Learned a level 3 spell: Conjure Flame
  5101 | D:4      | Found a bloodstained altar of Trog.
  5355 | D:5      | Entered Level 5 of the Dungeon
  5576 | D:5      | Shot with an arrow by a centaur

Levels and vault maps discovered:
D:1:      dpeg_arrival_renting, layout_loops_ring, minmay_split_cup_large
D:2:      layout_loops_cross, nemelex_xobeh_ov_fountains_minmay,
          minmay_misc_feat_tiny
D:3:      layout_basic, lemuel_coloured_pillars_altar,
          nicolae_overflow_crystal_walls, nicolae_ru_sacrificial_ziggurat,
          first_ration
D:4:      layout_rooms, kennysheep_mini, bloody_trog,
          minmay_temple_entry_proselytizer, kennysheep_opposing_triangles
D:5:      layout_cave_pools, serial_park_tiny_2, chequers_serial_rivers_micro_b,
          kennysheep_generic_room_11
Temple:   oiseaux_autumnal_temple

Skill      XL: |  1  2  3  4  5  6 |
---------------+-------------------+-----
Fighting       | 1 2 |  2.5
Conjurations   | 2 3 |  3.5
Spellcasting   | 3 |  3.7
Air Magic      | 4 |  4.7
Shields        | 1 |  1.5
Dodging        | |  1.7
Stealth        | |  1.7
Fire Magic     | |  0.3

Action                   |  1- 3 |  4- 6 || total
-------------------------+-------+-------++-------
Melee: Unarmed           |    14 |       ||    14
       Tailslap          |     9 |     2 ||    11
       Whip              |    75 |       ||    75
       Mace              |    16 |    41 ||    57
Throw: Dart              |     8 |     6 ||    14
 Cast: Shock             |    57 |   109 ||   166
       Airstrike         |       |     2 ||     2
       Swiftness         |       |     1 ||     1
 Stab: Sleeping          |     3 |       ||     3
       Distracted        |       |     1 ||     1
  Eat: Chunk             |    16 |    11 ||    27
Armor: Skin              |    42 |    28 ||    70
Dodge: Dodged            |    71 |    43 ||   114
